 Dungeon Crawl Stone Soup version 0.27.0-1-g7a089689b8 (webtiles) character file.

Game seed: 8106865814508981243

77 sanka the Insei (level 4, 0/33 HPs)
             Began as a Vampire Hunter on Aug 4, 2021.
             Succumbed to an adder's poison
             ... on level 4 of the Dungeon.
             The game lasted 00:02:23 (2155 turns).

sanka the Insei (Vampire Hunter)                    Turns: 2155, Time: 00:02:24

Health: 0/33       AC:  4    Str: 11    XL:     4   Next: 13%
Magic:  4/4        EV: 12    Int: 14    God:
Gold:   172        SH:  0    Dex: 14    Spells: 3/3 levels left

rFire    + . .     SeeInvis +   b - +0 short sword
rCold    . . .     Faith    .   (no shield)
rNeg     . . .     Spirit   .   c - +0 leather armour
rPois    .         Reflect  .   n - +0 helmet
rElec    .         Harm     .   (no cloak)
rCorr    .         Rampage  .   (no gloves)
Will     .....                  (no boots)
Stlth    ++........             (no amulet)
HPRegen  0.31/turn              (no ring)
MPRegen  0.09/turn              f - ring of protection from fire

@: lethally poisoned (0 -> -3), healing quickly, hasted, very quick
A: alive, fangs 3, see invisible, vampiric 2
a: Exsanguinate


You were on level 4 of the Dungeon.
You visited 1 branch of the dungeon, and saw 4 of its levels.

You collected 172 gold pieces.


Innate Abilities, Weirdness & Mutations

Your natural rate of healing is accelerated.
You have razor-sharp teeth.
You have supernaturally acute eyesight. (SInv)
You are afflicted with vampirism and can become a bat while bloodless.


   Skills:
 - Level 1.7 Fighting
 - Level 3.2 Crossbows
 - Level 2.1 Dodging
 - Level 1.5 Stealth
 + Level 4.2 Unarmed Combat


You had 3 spell levels left.
You didn't know any spells.
Your spell library contained the following spells:

 Spells                   Type           Power      Damage    Failure   Level
 Animate Skeleton         Necr           0%         N/A       36%         1
 Pain                     Necr           0%         1d4       36%         1
 Vampiric Draining        Necr           0%         2d6       75%         3

Inventory:

Hand Weapons
 a - a +1 hand crossbow
 b - a +0 short sword (weapon)
Missiles
 d - 2 bolts
Armour
 c - a +0 leather armour (worn)
 n - a +0 helmet (worn)
Magical Staves
 i - a staff of earth
Jewellery
 f - a ring of protection from fire (right hand)
Scrolls
 h - 2 scrolls of teleportation {unknown}
 j - 2 scrolls of identify {unknown}
 m - a scroll of brand weapon {unknown}
 p - a scroll of silence {unknown}
Potions
 e - 2 potions of might {unknown}
 g - 2 potions of haste {@q3}
 k - 2 potions of heal wounds {unknown}
 l - a potion of flight {unknown}
 o - a potion of degeneration {unknown}

Dungeon Overview and Level Annotations

Branches:
Dungeon (4/15)
 Temple: D:4-7

Altars:

...........▒
............▒▒
......>...... ..
▒...........▒▒▒▒ ...
▒...........▒.▒▒...
▒▒........<..[......
▒...................
▒................▒
▒▒▒.......V...▒▒.
▒▒▒........▒S▒▒▒▒
.........▒▒...K.▒▒
......▒..▒▒▒▒▒...▒
.......▒.▒ ▒ ▒▒.▒▒ .
▒....▒▒▒.▒▒▒.▒▒..▒....
▒...▒ ▒...............
▒▒.. ▒......▒........
.. .......▒...▒....


You could see an adder and a kobold.


Message History

You feel sick. The adder bites you but does no damage.
The kobold hits you with a +0 short sword of venom.
* * * LOW HITPOINT WARNING * * *
You miss the adder.
The adder is almost dead.
You feel sick. The adder completely misses you. The kobold closely misses you.
The adder bites you.
* * * LOW HITPOINT WARNING * * *
You are more poisoned.
The adder poisons you!
You feel sick.
You feel sick.
You feel sick. The adder bites you.
* * * LOW HITPOINT WARNING * * *
You are lethally poisoned!
The adder poisons you!
* * * LOW HITPOINT WARNING * * *
You feel sick.
* * * LOW HITPOINT WARNING * * *
You feel sick. The adder bites you but does no damage.
* * * LOW HITPOINT WARNING * * *
You feel sick.
It was a potion of haste.
You feel yourself speed up.
You die...

Action                   |  1- 3 |  4- 6 || total
-------------------------+-------+-------++-------
Melee: Short sword       |       |    27 ||    27
       Bite              |       |     3 ||     3
 Fire: Hand crossbow     |    80 |     9 ||    89
  Use: Potion            |       |     1 ||     1
 Stab: Sleeping          |       |     1 ||     1
Armor: Leather armour    |     6 |    24 ||    30
Dodge: Dodged            |     9 |    37 ||    46

Levels and vault maps discovered:
D:1:      dpeg_arrival_rhombus, layout_rooms, hellmonk_ecumenical_altar_zigzags
D:2:      layout_basic, serial_bayou_crossing
D:3:      layout_rooms, kennysheep_generic_room_4
D:4:      layout_cave_pools, chequers_temple_overflow_statue_of_worship,
          serial_shops, shop, minmay_misc_feat_diagonals

Notes
Turn   | Place    | Note
-------+----------+-------------------------------------------
     0 | D:1      | sanka the Vampire Hunter began the quest for the Orb.
     0 | D:1      | Reached XP level 1. HP: 16/16 MP: 1/1
   118 | D:1      | Reached skill level 1 in Unarmed Combat
   189 | D:1      | Reached XP level 2. HP: 22/22 MP: 2/2
   219 | D:1      | Reached skill level 2 in Unarmed Combat
   415 | D:1      | Found a faded altar of an unknown god.
   599 | D:2      | Reached skill level 3 in Unarmed Combat
   599 | D:2      | Gained mutation: You are afflicted with vampirism and can
                  | become a bat while bloodless. [Vampire growth]
   599 | D:2      | Reached XP level 3. HP: 27/27 MP: 3/3
  1857 | D:3      | Reached skill level 4 in Unarmed Combat
  1945 | D:3      | Reached XP level 4. HP: 33/33 MP: 4/4
  2152 | D:4      | HP: 3/33 [poisoned by an adder]
  2154 | D:4      | HP: 1/33 [poisoned by an adder]
  2155 | D:4      | Succumbed to an adder's poison

Vanquished Creatures
  2 adders (D:2)
  A worm (D:3)
  3 dart slugs
  An orc (D:3)
  7 endoplasms
  3 goblins
  6 hobgoblins
  2 jackals (D:1)
  4 quokkas
  6 bats
  7 frilled lizards
  3 kobolds
  3 rats
48 creatures vanquished.

Vanquished Creatures (others)
  9 plants (D:2)
9 creatures vanquished.

Grand Total: 57 creatures vanquished
